 Dungeon Crawl Stone Soup version 0.16-a0-2710-g8b41a68 (webtiles) character file.

229 Ololoev the Skirmisher (level 5, 0/42 HPs)
             Began as a Mummy Chaos Knight on Nov 26, 2014.
             Was a Plaything of Xom.
             Slain by an adder (1 damage)
             ... on level 3 of the Dungeon.
             The game lasted 00:06:49 (2176 turns).

Ololoev the Skirmisher (Mummy Chaos Knight)         Turns: 2176, Time: 00:06:50

Health: 0/42       AC:  6    Str: 15    XL:     5   Next: 71%
Magic:  5/5        EV: 11    Int: 12    God:    Xom
Gold:   65         SH:  0    Dex: 11    Spells: 0 memorised, 4 levels left

rFire  x . .     SeeInvis .     a - +0 spear (chaos)
rCold  + . .     Clarity  .     b - +2 leather armour
rNeg   + + +     SustAb   .     (no shield)
rPois  ∞         Gourm    .     h - +0 helmet
rElec  .         Spirit   .     (no cloak)
rCorr  .         Warding  .     (no gloves)
rMut   .         Stasis   .     (no boots)
MR     .....                    (no amulet)
Stlth  +.........               (no ring)
                                (no ring)

@: not resistant to hostile enchantments, very unstealthy
A: no food or potions, fire vulnerability, restore body, cold resistance 1,
negative energy resistance 3, poison resistance, torment resistance, unbreathing
a: Renounce Religion


You were on level 3 of the Dungeon.
You worshipped Xom.
You were a special plaything of Xom.
You were not hungry.

You visited 1 branch of the dungeon, and saw 3 of its levels.

You collected 65 gold pieces.

Notes
Turn   | Place    | Note
--------------------------------------------------------------
     0 | D:1      | Ololoev, the Mummy Chaos Knight, began the quest for the Orb.
     0 | D:1      | Reached XP level 1. HP: 18/18 MP: 1/1
    67 | D:1      | XOM: harmless Necr miscast
    69 | D:1      | XOM: confusion
   206 | D:1      | Reached skill level 1 in Dodging
   293 | D:1      | Reached XP level 2. HP: 24/24 MP: 2/2
   510 | D:1      | XOM: 1-stop teleportation journey
   880 | D:2      | Found an iron altar of Okawaru.
  1006 | D:2      | Noticed Robin
  1072 | D:2      | XOM: divination: detect creatures
  1074 | D:2      | XOM: god gift: 15 stones
  1082 | D:2      | Killed Robin
  1082 | D:2      | Reached XP level 3. HP: 9/29 MP: 3/3
  1286 | D:2      | XOM: 2-stop teleportation journey
  1633 | D:2      | Found an ancient bone altar of Kikubaaqudgha.
  1634 | D:2      | Noticed a vampire bat
  1648 | D:2      | Killed a vampire bat
  1648 | D:2      | Reached XP level 4. HP: 32/36 MP: 4/4
  1696 | D:2      | Found a sacrificial altar of Ru.
  1829 | D:2      | XOM: potion effect (haste)
  1846 | D:2      | Noticed a deep dwarf
  1846 | D:2      | a worm changed into a deep dwarf
  1849 | D:2      | XOM: smoke on damage
  1861 | D:2      | Killed a deep dwarf
  1861 | D:2      | Reached skill level 4 in Fighting
  1861 | D:2      | Reached XP level 5. HP: 27/42 MP: 5/5
  2034 | D:3      | Noticed Natasha
  2039 | D:3      | Killed Natasha
  2067 | D:3      | XOM: harmless Necr miscast
  2068 | D:3      | XOM: 2-stop teleportation journey
  2102 | D:3      | Noticed Natasha
  2109 | D:3      | Killed Natasha
  2109 | D:3      | XOM: destruction
  2141 | D:3      | Noticed Natasha
  2159 | D:3      | XOM: summons 2 hostile demons
  2175 | D:3      | HP: 1/42 [ufetubus[Xom] (3)]
  2176 | D:3      | Slain by an adder

Inventory:

Hand weapons
 a - a +0 spear of chaos (weapon)
Armour
 b - a +2 leather armour (worn)
 h - a +0 helmet (worn)
Magical devices
 c - a wand of frost (7)
Scrolls
 e - a scroll of magic mapping
 g - a scroll of remove curse

Table legend:
 A = Turns spent in this place as a percentage of turns spent in the entire game.
 B = Non-inter-level travel turns spent in this place as a percentage of non-inter-level travel turns spent in the entire game.
 C = Inter-level travel turns spent in this place as a percentage of turns spent in this place.
 D = Turns resting spent in this place as a percentage of non-inter-level travel turns spent in this place.
 E = Turns spent auto-exploring this place as a percentage of non-inter-level travel turns spent in this place.
 F = Non-inter-level travel turns spent in this place divided by the number of levels of this place that you've seen.
                   A       B       C       D       E      F
               +-------+-------+-------+-------+-------+----------------------
         Total | 100.0 | 100.0 |   0.3 |   3.9 |   8.5 | 263.7
       Dungeon | 100.0 | 100.0 |   0.3 |   3.9 |   8.5 | 263.7
               +-------+-------+-------+-------+-------+----------------------


   Skills:
 + Level 4.0 Fighting
 + Level 3.5 Polearms
 + Level 2.7 Armour
 + Level 2.2 Dodging


You had 4 spell levels left.
You didn't know any spells.

Dungeon Overview and Level Annotations

Branches:
Dungeon (3/15)

Altars:
Kikubaaqudgha
Okawaru
Ru

Annotations:
D:3 Natasha


Innate Abilities, Weirdness & Mutations

You do not eat or drink.
Your flesh is vulnerable to fire.
Your flesh is cold resistant.
You are immune to negative energy.
Your system is resistant to poisons.
You are immune to unholy pain and torment.
You can survive without breathing.


Message History

The ufetubus closely misses you. The jackal barely misses you.
The kobold hits you. The jackal bites you.
Unknown command.
The ufetubus closely misses you. x2
The iron imp closely misses you. The kobold barely misses you.
The ufetubus barely misses you.
The ufetubus hits you but does no damage.
Found a scroll labeled XAYJAPLEZA.
The ufetubus closely misses you. The ufetubus barely misses you.
The ufetubus hits you but does no damage.
The ufetubus closely misses you.
The iron imp lashes its tail.
The ufetubus hits you. The ufetubus barely misses you.
Found a bread ration.
The ufetubus barely misses you.
The ufetubus hits you but does no damage.
You see here a bread ration.
You open the door. The ufetubus barely misses you.
The ufetubus hits you but does no damage.
The ufetubus hits you. x2
Found a glowing blue potion.
An adder comes into view.
The adder barely misses you.
Found a coppery potion.
There is an open door here.
The ufetubus barely misses you. The ufetubus hits you. The ufetubus hits you.
The ufetubus closely misses you.
The teleport trap disappears.
The jackal disappears!
The kobold wields a blowgun.
The kobold shoots a poisoned needle.
The poisoned needle barely misses you.
Evoke which item? (* to show all) (? for menu, Esc to quit)
Zapping:
c - a wand of frost {zapped: 6} (will waste charges)
Press: ? - help, Shift-Dir - straight line, f - adder
Aim: an adder The puff of frost hits the adder.
The adder is moderately wounded.
Evoking this partially-identified wand wasted a few charges.
The adder closely misses you. The ufetubus barely misses you.
The ufetubus closely misses you. The adder bites you.
You die...

###...# .....+ ...
##### #....#### .....
#...# ....!... ....
#.#.####....# ....
#K#.lh%'h...# ...
#.######.K..###.# ...
#..K...?S5......# #'#
##...#..§@(....##
#.#######...#.........#
#.#........)#.......!.#
..'.%.......#.........#
###........##.........+
#........##.........#
#........##........h
#........##........
#######+#.. ...


You could see an adder, an ufetubus, 2 jackals and 2 kobolds.

Table legend:
 A = Kills in this place as a percentage of kills in entire the game.
 B = Kills by you in this place as a percentage of kills by you in the entire game.
 C = Kills by friends in this place as a percentage of kills by friends in the entire game.
 D = Other kills in this place as a percentage of other kills in the entire game.
 E = Experience gained in this place as a percentage of experience gained in the entire game.
 F = Experience gained in this place divided by the number of levels of this place that you have seen.
                   A       B       C       D       E      F
               +-------+-------+-------+-------+-------+----------------------
         Total | 100.0 | 100.0 |  -nan | 100.0 | 100.0 | 109.3
       Dungeon | 100.0 | 100.0 |  -nan | 100.0 | 100.0 | 109.3
               +-------+-------+-------+-------+-------+----------------------

Vanquished Creatures
  A deep dwarf (shapeshifter) (D:2)
  A vampire bat (D:2)
  Natasha (D:3)
  Robin (D:2)
  An adder (D:3)
  A giant gecko (D:2)
  4 bats
  4 bat skeletons (D:2)
  2 giant cockroaches (D:1)
  6 hobgoblins
  A jackal (D:3)
  A ball python (D:1)
  3 giant newts
  11 goblins (D:2)
  6 kobolds
  3 rats
47 creatures vanquished.

Vanquished Creatures (others)
  Natasha (D:3)
  A giant gecko (D:3)
  A bat skeleton (D:2)
  A rat (D:3)
4 creatures vanquished.

Grand Total: 51 creatures vanquished

Action                   |  1- 3 |  4- 6 || total
-------------------------+-------+-------++-------
Melee: Spear             |   148 |    68 ||   216
Evoke: Wand              |       |     4 ||     4
  Use: Scroll            |       |     6 ||     6
 Stab: Petrified         |     1 |       ||     1
       Distracted        |     1 |       ||     1
       Sleeping          |       |     1 ||     1

Vault maps used:
D:1:      mrwooster_arrival_statue
D:2:      kennysheep_vampire_church, lemuel_crystal_altar, okawaru_trees_1,
          grunt_decor_resistance, uniq_robin
D:3:      uniq_natasha
